 Dungeon Crawl Stone Soup version 0.23.0 (webtiles) character file.

Game seed: 506280736472559890

162750 inmateoo the Black Belt (level 17, -2/90 HPs)
             Began as a Vine Stalker Monk on Feb 15, 2019.
             Was a High Priest of Cheibriados.
             Killed from afar by a thorn hunter (22 damage)
             ... with a volley of thorns
             ... on level 4 of the Swamp.
             The game lasted 00:32:09 (22279 turns).

inmateoo the Black Belt (Vine Stalker Monk)        Turns: 22279, Time: 00:32:10

Health: -2/90      AC: 23    Str: 38    XL:     17   Next: 81%
Magic:  0/31       EV: 20    Int: 31    God:    Cheibriados [*****.]
Gold:   2774       SH: 18    Dex: 30    Spells: 18/34 levels left

rFire    + + +     SeeInvis +     - Unarmed
rCold    . . .     Gourm    +   E - +2 shield
rNeg     . . .     Faith    .   R - +1 plate armour of Epnuxesche {Str+2 Int+4}
rPois    +         Spirit   +   S - +2 hat {MR+}
rElec    .         Reflect  .   P - +0 cloak {rF+}
rCorr    .         Harm     .   q - +2 pair of gloves
MR       +++..                  d - +0 pair of boots
Stlth    ..........             u - amulet of the gourmand
HPRegen  2.05/turn              o - ring of poison resistance
MPRegen  0.22/turn              C - ring "Katzoq" {rF+++ Str+4 Int+4 Dex-2 SInv}

@: regenerating, studying 2 skills, very slow
A: fangs 3, regeneration 2, magic shield, antimagic bite, no potion heal 3, rot
immunity
a: Bend Time, Temporal Distortion, Slouch, Step From Time, Renounce Religion


You were on level 4 of the Swamp.
You worshipped Cheibriados.
Cheibriados was extremely pleased with you.
You were not hungry.

You visited 6 branches of the dungeon, and saw 29 of its levels.
You also visited: Volcano.

You collected 3460 gold pieces.
You spent 686 gold pieces at shops.

Inventory:

Armour
 d - a +0 pair of boots (worn)
 q - a +2 pair of gloves (worn)
 E - a +2 shield (worn)
 P - a +0 cloak of fire resistance (worn)
 R - the +1 plate armour of Epnuxesche (worn) {Str+2 Int+4}
   (You found it on level 3 of the Swamp)

   It affects your strength (+2).
   It affects your intelligence (+4).
 S - a +2 hat of magic resistance (worn)
Jewellery
 o - a ring of poison resistance (left hand)
 u - an amulet of the gourmand (around neck)
 B - an uncursed ring of positive energy
 C - the ring "Katzoq" (right hand) {rF+++ Str+4 Int+4 Dex-2 SInv}
   (You took it off a gnoll on level 7 of the Dungeon)

   [ring of intelligence]

   It affects your strength (+4).
   It affects your intelligence (+4).
   It affects your dexterity (-2).
   It renders you almost immune to fire.
   It lets you see invisible.
 M - the ring of Jirronn {Ice *Corrode rElec Int+3}
   (You found it on level 15 of the Dungeon)

   [ring of ice]

   It enhances your ice magic.
   It affects your intelligence (+3).
   It makes you vulnerable to fire.
   It protects you from cold.
   It insulates you from electricity.
   It may corrode you when you take damage.
 T - the ring of Innuttah {rElec MR+ Str+2 Int-5 Dex+3}
   (You found it on level 3 of the Swamp)

   [ring of protection from magic]

   It affects your strength (+2).
   It affects your intelligence (-5).
   It affects your dexterity (+3).
   It insulates you from electricity.
   It affects your resistance to hostile enchantments.
 U - a +3 ring of strength
Wands
 h - a wand of iceblast (7)
 p - a wand of enslavement (11)
 r - a wand of disintegration (58)
 s - a wand of polymorph (19)
 t - a wand of paralysis (21)
 z - a wand of acid (17)
 G - a wand of digging (5)
 I - a wand of flame (42)
 J - a wand of clouds (3)
 O - a wand of scattershot (6)
Scrolls
 a - 7 scrolls of identify
 c - 4 scrolls of fog
 f - 6 scrolls of blinking
 g - 5 scrolls of amnesia
 i - 3 scrolls of remove curse
 l - 7 scrolls of teleportation
 m - 7 scrolls of magic mapping
 y - 3 scrolls of enchant weapon
 D - a scroll of silence
 H - 3 scrolls of enchant armour
 N - a scroll of fear
 X - 2 scrolls of immolation
Potions
 e - 9 potions of curing
 j - 7 potions of agility
 k - 7 potions of flight
 n - 5 potions of resistance
 v - 3 potions of might
 w - 2 potions of ambrosia
 x - 2 potions of mutation
 A - 7 potions of brilliance
 L - 3 potions of magic
 Q - a potion of lignification
Books
 F - a manual of Dodging
 W - a manual of Shields
Miscellaneous
 K - a lamp of fire
Comestibles
 b - 55 rations


   Skills:
 + Level 10.6 Fighting
 + Level 9.3 Armour
 + Level 12.4 Dodging
 - Level 2.4 Stealth
 + Level 11.0 Shields
 * Level 15.4 Unarmed Combat
 + Level 9.0 Spellcasting
 + Level 5.7 Charms
 + Level 5.8 Necromancy
 + Level 9.1 Transmutations
 + Level 8.9 Invocations


You had 18 spell levels left.
You knew the following spells:

 Your Spells              Type           Power        Failure   Level  Hunger
a - Regeneration          Chrm/Necr      #####.....   9%          3    None
b - Airstrike             Air            ##........   96%         4    None
c - Shroud of Golubria    Chrm/Tloc      ####......   14%         2    None
d - Song of Slaying       Chrm           #####...     4%          2    None
e - Blade Hands           Tmut           ######....   21%         5    ####...

Your spell library contained the following spells:

 Spells                   Type           Power        Failure   Level  Hunger
 Beastly Appendage        Tmut           ######       1%          1    None
 Sticks to Snakes         Tmut           ######..     1%          2    None
 Animate Skeleton         Necr           N/A          2%          1    None
 Pain                     Necr           ####         2%          1    None
 Vampiric Draining        Necr           ######....   9%          3    None
 Swiftness                Chrm/Air       ####....     14%         2    None
 Spider Form              Tmut/Pois      #####.....   14%         3    None
 Animate Dead             Necr           N/A          26%         4    None
 Ozocubu's Armour         Chrm/Ice       ####....     28%         3    None
 Spectral Weapon          Hex/Chrm       ####....     28%         3    None
 Corona                   Hex            ##.....      30%         1    None
 Shock                    Conj/Air       ##..         30%         1    None
 Ensorcelled Hibernation  Hex/Ice        ##....       41%         2    None
 Ice Form                 Ice/Tmut       #####...     43%         4    None
 Confuse                  Hex            ##......     65%         3    None
 Dazzling Spray           Conj/Hex       ##....       65%         3    None
 Static Discharge         Conj/Air       ##......     65%         3    None
 Tukima's Dance           Hex            ##......     65%         3    None
 Lightning Bolt           Conj/Air       ##........   100%        5    ####...
 Malign Gateway           Summ/Tloc      ##........   100%        7    #######
 Monstrous Menagerie      Summ           ##........   100%        7    #######
 Ring of Flames           Chrm/Fire      ####......   100%        7    #######
 Summon Greater Demon     Summ           ##........   100%        7    #######
 Summon Horrible Things   Summ           ##........   100%        8    #######


Dungeon Overview and Level Annotations

Branches:
Dungeon (15/15)            Temple (1/1) D:5            Lair (6/6) D:10
  Swamp (4/4) Lair:3       Spider (0/4) Lair:4        Slime (0/5) Lair:5
    Orc (2/2) D:12            Elf (1/3) Orc:2        Vaults (0/5) D:13
 Depths: D:15

Altars:
Ashenzari
Cheibriados
Dithmenos
Fedhas
Gozag
Hepliaklqana
Makhleb
Okawaru
Ru
Sif Muna
Trog
Uskayaw
Xom
Zin
Beogh

Shops:
D:7 *   D:14 *   Orc:2 *(*%


Innate Abilities, Weirdness & Mutations

You have razor-sharp teeth.
You heal very quickly.
When hurt, damage is shared between your health and your magic reserves.
Your bite disrupts and absorbs the magic of your enemies.
Potions cannot restore your health.
You are immune to rotting.


Message History

You block the eight-headed hydra's attack.
The eight-headed hydra misses you.
The thorn hunter fires a volley of thorns at you.
The volley of thorns hits you!!
You barely miss the eight-headed hydra. You bite the eight-headed hydra.
You drain its power.
You feel invigorated.
The eight-headed hydra is heavily wounded.
The eight-headed hydra bites you but does no damage.
You block the eight-headed hydra's attack. x2
The eight-headed hydra completely misses you.
The eight-headed hydra bites you.
* * * LOW HITPOINT WARNING * * *
The eight-headed hydra bites you but does no damage.
The eight-headed hydra bites you.
* * * LOW HITPOINT WARNING * * *
The eight-headed hydra bites you.
* * * LOW HITPOINT WARNING * * *
The thorn hunter fires a volley of thorns at you.
The volley of thorns hits you!!
You die...

§≈.. ♣♣ ≈... ♣≈ ≈.... ♣.
./.≈.♣♣ ♣♣ ....DPP ♣
≈..PPfP♣♣ ♣♣♣ ..≈PPPPD♣♣
♣♣♣ ♣♣.≈
≈≈.PPPP@≈♣♣♣♣♣♣♣.♣♣♣♣..≈
..≈....≈....≈...≈§..♣...
...?...≈^≈...≈≈..≈≈....≈
....§..≈≈...≈...≈.≈.....
..≈.≈.≈.≈....≈≈.......≈.
..§≈≈.≈...≈............≈
≈..!♣≈..≈..≈..(≈≈..≈..≈≈
≈....≈.....≈≈≈.†.†...≈..
≈.≈..≈...≈.≈.....♣.♣.


You could see a thorn hunter, an eight-headed hydra and a six-headed hydra.

Vanquished Creatures
  4 thorn hunters
  Louise (D:15)
  An orc warlord (Orc:2)
  An ironheart preserver (D:13)
  2 entropy weavers (Lair:4)
  A very ugly thing (Swamp:4)
  The ghost of Monsterracer the Cleaver, a journeyman GrFi of Okawaru (Orc:2)
  Snorg (Lair:3)
  A fire dragon (Lair:6)
  2 ogre magi
  2 ghost crabs (Swamp:3)
  2 shambling mangroves
  19 hydras
  3 centaur warriors (D:14)
  A catoblepas (D:15)
  2 dancing weapons
  2 death knights (D:14)
  15 alligators
  8 two-headed ogres
  3 tengu warriors
  5 death yaks (Lair:6)
  A queen ant (Lair:4)
  3 orc high priests (Orc:2)
  Nergalle (D:10)
  4 sun demons (D:13)
  5 swamp dragons
  3 unseen horrors
  6 wizards
  3 skeletal warriors (D:13)
  The ghost of lextramoth the Quickloader, a novice CeHu of Okawaru (D:7)
  5 orc knights (Orc:2)
  Pikel (D:5)
  A lindwurm (Lair:6)
  2 wolf spider zombies
  6 ugly things (D:15)
  An orb spider (Lair:4)
  2 cyclopes
  5 orc sorcerers
  3 manticores
  5 toenail golems (Volcano)
  An elephant (shapeshifter) (D:14)
  7 centaur zombies
  2 black mambas
  17 spiny frogs
  3 gargoyles
  6 torpor snails
  3 rime drakes
  2 kobold demonologists
  10 komodo dragons
  A tengu conjurer (D:13)
  5 red devils (D:13)
  5 trolls
  8 tyrant leeches
  9 polar bears (Lair:6)
  3 meliai (D:13)
  Grinder (D:5)
  Prince Ribbit (D:5)
  23 hornets
  A harpy skeleton (D:15)
  20 slime creatures
  8 blink frogs
  10 bog bodies
  A raiju (Lair:6)
  10 hippogriffs
  9 dream sheep
  5 spriggans
  A vampire (D:13)
  3 shadows
  A tarantella (shapeshifter) (D:14)
  2 wraiths
  4 wyverns
  2 basilisks
  62 yaks
  A steam dragon (D:10)
  18 vampire mosquitoes
  3 hungry ghosts
  14 insubstantial wisps
  10 swamp worms
  Edmund (D:3)
  9 wargs
  Duvessa (D:7)
  4 acid dragons
  24 soldier ants
  11 water moccasins
  7 porcupines
  16 hell hounds
  34 orc warriors
  5 sky beasts
  11 swamp drakes
  8 ice beasts
  3 phantoms
  13 black bears
  14 ogres
  A necrophage (D:9)
  14 wolves
  15 centaurs
  Blork the orc (D:5)
  12 crocodiles
  3 big kobolds
  16 bullfrogs
  2 wyvern zombies
  4 gnoll sergeants (D:7)
  Dowan (D:7)
  A hornet simulacrum (D:12)
  4 scorpions
  5 howler monkeys
  11 wights
  4 electric eels
  2 bullfrog zombies
  11 crimson imps
  11 hounds
  2 gnoll shamans
  23 orc priests
  5 jellies
  Ijyb (D:4)
  5 centaur skeletons
  3 iguanas
  25 orc wizards
  31 worker ants
  A hound skeleton (D:8)
  A worker ant zombie (D:6)
  Robin (D:2)
  11 adders
  12 gnolls
  4 shadow imps
  A white imp (D:9)
  An ooze (D:1)
  An adder zombie (D:6)
  A worm (D:3)
  6 leopard geckos
  90 orcs
  2 ball pythons
  9 giant cockroaches
  17 goblins
  8 hobgoblins (D:1)
  9 jackals (D:9)
  8 quokkas
  11 bats
  2 frilled lizards
  A jackal zombie (D:7)
  20 kobolds
  A quokka skeleton (D:5)
  A quokka zombie (D:9)
  5 rats
  2 briar patches
  A plant (Lair:6)
1028 creatures vanquished.

Vanquished Creatures (others)
  A spriggan druid (Swamp:4)
  Menkaure (D:5)
  A slave (D:5)
  A quokka (D:5)
  10 fungi
  15 plants
  6 toadstools (Swamp:2)
35 creatures vanquished.

Grand Total: 1063 creatures vanquished

Notes
Turn   | Place    | Note
-------+----------+-------------------------------------------
     0 | D:1      | inmateoo the Vine Stalker Monk began the quest for the Orb.
     0 | D:1      | Reached XP level 1. HP: 11/11 MP: 2/2
    55 | D:1      | Reached XP level 2. HP: 15/16 MP: 3/3
   323 | D:1      | Reached XP level 3. HP: 15/19 MP: 4/4
   659 | D:2      | Noticed Robin
   958 | D:1      | Reached skill level 1 in Armour
  1038 | D:2      | Killed Robin
  1038 | D:2      | Gained mutation: Your natural rate of healing is unusually
                  | fast. [Vine Stalker growth]
  1038 | D:2      | Reached XP level 4. HP: 10/24 MP: 5/5
  1212 | D:2      | Found a faded altar of an unknown god.
  1551 | D:3      | Found an iron altar of Okawaru.
  1568 | D:3      | Reached skill level 4 in Unarmed Combat
  1754 | D:3      | Reached skill level 1 in Shields
  1754 | D:3      | Reached XP level 5. HP: 8/28 MP: 3/6
  2317 | D:4      | Noticed Edmund
  2397 | D:3      | Killed Edmund
  2397 | D:3      | Reached XP level 6. HP: 16/32 MP: 7/7
  2593 | D:4      | Reached skill level 5 in Unarmed Combat
  2640 | D:4      | Reached XP level 7. HP: 37/37 MP: 8/8
  3262 | D:4      | Noticed Ijyb
  3272 | D:4      | Killed Ijyb
  3390 | D:4      | Reached skill level 6 in Unarmed Combat
  3390 | D:4      | Gained mutation: You have razor-sharp teeth. [Vine Stalker
                  | growth]
  3390 | D:4      | Reached XP level 8. HP: 18/42 MP: 3/9
  3991 | D:5      | Entered Level 5 of the Dungeon
  3993 | D:5      | Found a hide-covered altar of Uskayaw.
  4049 | D:5      | Found a staircase to the Ecumenical Temple.
  4075 | Temple   | Entered the Ecumenical Temple
  4176 | Temple   | Became a worshipper of Cheibriados the Contemplative
  4176 | Temple   | Reached * piety under Cheibriados
  4176 | Temple   | Reached ** piety under Cheibriados
  4213 | D:5      | Noticed Grinder
  4214 | D:5      | Noticed Menkaure
  4216 | D:5      | Paralysed by Grinder for 4 turns
  4223 | D:5      | Noticed Pikel
  4251 | D:5      | Killed Pikel
  4251 | D:5      | Reached skill level 7 in Unarmed Combat
  4282 | D:5      | Reached skill level 5 in Fighting
  4282 | D:5      | Reached XP level 9. HP: 38/47 MP: 10/10
  4350 | D:5      | Noticed Prince Ribbit
  4356 | D:5      | Killed Prince Ribbit
  4373 | D:5      | Noticed Blork the orc
  4382 | D:5      | Killed Blork the orc
  4398 | D:5      | Killed Menkaure
  4474 | D:5      | Killed Grinder
  5139 | D:6      | Reached skill level 8 in Unarmed Combat
  5149 | D:6      | Reached *** piety under Cheibriados
  5249 | D:6      | Reached skill level 5 in Dodging
  5417 | D:6      | Found a blossoming altar of Fedhas.
  5764 | D:7      | Reached XP level 10. HP: 52/53 MP: 11/11
  5924 | D:7      | Found Houcucau's Assorted Antiques.
  5948 | D:7      | Bought 2 scrolls labeled HEYPLOH FUNI for 48 gold pieces
  5957 | D:7      | Noticed Dowan
  5957 | D:7      | Noticed Duvessa
  5968 | D:7      | Killed Duvessa
  5968 | D:7      | Reached **** piety under Cheibriados
  5968 | D:7      | Reached skill level 5 in Shields
  5969 | D:7      | Killed Dowan
  5969 | D:7      | Reached skill level 1 in Invocations
  6077 | D:7      | Found a transporter.
  6084 | D:7      | Identified the ring "Katzoq" {rF+++ Str+4 Int+4 Dex-2 SInv}
  6094 | D:7      | Reached skill level 9 in Unarmed Combat
  6234 | D:7      | Found a transporter.
  6248 | D:7      | Noticed lextramoth's ghost (novice CeHu)
  6381 | D:7      | Killed lextramoth's ghost
  6669 | D:8      | Reached skill level 5 in Armour
  6675 | D:8      | Noticed a two-headed ogre
  6681 | D:8      | Reached ***** piety under Cheibriados
  6687 | D:8      | Killed a two-headed ogre
  7080 | D:9      | Reached XP level 11. HP: 53/58 MP: 14/14
  7223 | D:9      | Reached skill level 10 in Unarmed Combat
  7437 | D:9      | Learned a level 5 spell: Blade Hands
  7442 | D:9      | Learned a level 4 spell: Airstrike
  7715 | D:10     | Entered Level 10 of the Dungeon
  7723 | D:10     | Reached ****** piety under Cheibriados
  7810 | D:10     | Noticed an unseen horror
  7820 | D:10     | Killed an unseen horror
  7820 | D:10     | Reached skill level 1 in Spellcasting
  7820 | D:10     | Reached skill level 1 in Transmutations
  8093 | D:10     | Noticed Nergalle
  8116 | D:10     | Killed Nergalle
  8202 | D:10     | Found a staircase to the Lair.
  8502 | D:11     | Gained mutation: You heal very quickly. [Vine Stalker
                  | growth]
  8502 | D:11     | Reached XP level 12. HP: 63/63 MP: 16/16
  8554 | D:11     | Reached skill level 11 in Unarmed Combat
  9283 | D:12     | Reached skill level 5 in Invocations
  9376 | D:12     | Noticed a five-headed hydra
  9390 | D:12     | Killed a five-headed hydra
  9484 | D:12     | Found a roughly hewn altar of Beogh.
  9496 | D:12     | Found a staircase to the Orcish Mines.
  9730 | D:12     | Noticed a two-headed ogre
  9736 | D:12     | Killed a two-headed ogre
  9952 | D:13     | Noticed a tengu warrior
 10072 | D:13     | Reached XP level 13. HP: 50/68 MP: 14/20
 10150 | D:13     | Noticed an ironheart preserver
 10152 | D:13     | Found a gate to the Vaults.
 10176 | D:13     | Killed an ironheart preserver
 10176 | D:13     | Reached skill level 12 in Unarmed Combat
 10355 | D:13     | Reached skill level 5 in Transmutations
 10363 | D:13     | Reached skill level 5 in Spellcasting
 10530 | D:13     | Identified Zaluo's Grimoire of Protection
 11044 | D:14     | Reached XP level 14. HP: 37/74 MP: 14/23
 11363 | D:14     | Found Robumoto's Assorted Antiques.
 11514 | D:15     | Entered Level 15 of the Dungeon
 11534 | D:13     | Reached skill level 13 in Unarmed Combat
 11534 | D:13     | Reached skill level 10 in Dodging
 11577 | D:15     | Noticed Louise
 11599 | D:15     | Killed Louise
 12124 | D:15     | Learned a level 2 spell: Shroud of Golubria
 12127 | D:15     | Learned a level 2 spell: Song of Slaying
 12131 | D:15     | Learned a level 3 spell: Regeneration
 12265 | D:15     | Got a steaming jade ring
 12575 | Lair:1   | Entered Level 1 of the Lair of Beasts
 12951 | Lair:1   | Reached skill level 1 in Charms
 12959 | Lair:1   | Reached XP level 15. HP: 79/79 MP: 26/26
 12962 | Lair:1   | Reached skill level 1 in Necromancy
 13879 | Lair:3   | Found a dark tunnel.
 13885 | Volcano  | Entered a volcano
 14055 | Volcano  | Identified the ring of Jirronn {Ice *Corrode rElec Int+3}
                  | (You found it on level 15 of the Dungeon)
 14122 | Lair:3   | Noticed Snorg
 14136 | Lair:3   | Killed Snorg
 14296 | Lair:3   | Found a staircase to the Swamp.
 14845 | Lair:3   | Found a sacrificial altar of Ru.
 15050 | Lair:4   | Reached skill level 14 in Unarmed Combat
 15412 | Lair:4   | Found a hole to the Spider Nest.
 16141 | Lair:5   | Found a staircase to the Slime Pits.
 16160 | Lair:5   | You fall through a shaft!
 16160 | Lair:6   | Entered Level 6 of the Lair of Beasts
 16160 | Lair:6   | Found a runed translucent door.
 16197 | Lair:6   | Paralysed by a hornet for 3 turns
 16295 | Lair:6   | Reached XP level 16. HP: 84/84 MP: 28/28
 16816 | Lair:6   | Reached skill level 10 in Fighting
 18137 | Orc:1    | Entered Level 1 of the Orcish Mines
 18491 | Orc:2    | Entered Level 2 of the Orcish Mines
 18743 | Orc:2    | Found a staircase to the Elven Halls.
 18879 | Orc:2    | Found a runed translucent door.
 18879 | Orc:2    | Found a shimmering altar of Xom.
 18879 | Orc:2    | Noticed Monsterracer's ghost (journeyman GrFi)
 19003 | Orc:2    | Killed Monsterracer's ghost
 19057 | Orc:2    | Found Nuzxiz's Food Shoppe.
 19067 | Orc:2    | Reached skill level 10 in Shields
 19074 | Orc:2    | Found Ogul's Assorted Antiques.
 19144 | Orc:2    | Bought a scroll of identify for 44 gold pieces
 19144 | Orc:2    | Bought a scroll labeled ONISIC PUAX for 22 gold pieces
 19153 | Orc:2    | Found Zinti's Weapon Shop.
 19164 | Orc:2    | Found Diddus's Assorted Antiques.
 19172 | Orc:2    | Bought a scroll of identify for 44 gold pieces
 19172 | Orc:2    | Bought a scroll of teleportation for 66 gold pieces
 19172 | Orc:2    | Bought a scroll of teleportation for 66 gold pieces
 19172 | Orc:2    | Bought a potion of resistance for 220 gold pieces
 19172 | Orc:2    | Bought 2 potions of brilliance for 176 gold pieces
 19379 | Elf:1    | Entered Level 1 of the Elven Halls
 19645 | Swamp:1  | Entered Level 1 of the Swamp
 19739 | Swamp:1  | Noticed a thorn hunter
 19758 | Swamp:1  | Killed a thorn hunter
 19812 | Swamp:1  | Reached XP level 17. HP: 89/89 MP: 30/30
 19879 | Swamp:1  | Reached skill level 5 in Necromancy
 20108 | Swamp:1  | Reached skill level 15 in Unarmed Combat
 20381 | Swamp:2  | Reached skill level 5 in Charms
 21277 | Swamp:3  | Found a shadowy altar of Dithmenos.
 21342 | Swamp:3  | Got a warped plate armour
 21354 | Swamp:3  | Identified the +1 plate armour of Epnuxesche {Str+2 Int+4}
                  | (You found it on level 3 of the Swamp)
 21426 | Swamp:3  | Got a flickering marble ring
 21466 | Swamp:3  | Identified the ring of Innuttah {rElec MR+ Str+2 Int-5
                  | Dex+3} (You found it on level 3 of the Swamp)
 21925 | Swamp:4  | Entered Level 4 of the Swamp
 22279 | Swamp:4  | Killed from afar by a thorn hunter

Skill      XL: |  1  2  3  4  5  6  7  8  9 10 11 12 13 14 15 16 17 |
---------------+----------------------------------------------------+-----
Fighting       | 3 4 5 6 7 8 9 10 | 10.6
Armour         | 1 2 3 4 5 6 7 8 9 |  9.3
Unarmed Combat | 4 5 6 7 8 9 10 11 12 13 14 15 | 15.4
Shields        | 1 2 3 4 5 6 7 8 9 10 11 | 11.0
Dodging        | 3 4 5 6 7 8 9 10 11 12 | 12.4
Invocations    | 3 4 5 6 7 8 |  8.9
Spellcasting   | 2 4 5 6 7 8 9 |  9.0
Transmutations | 2 4 5 6 7 8 9 |  9.1
Charms         | 1 3 4 5 |  5.7
Necromancy     | 3 4 5 |  5.8
Stealth        | |  2.4

Action                   |  1- 3 |  4- 6 |  7- 9 | 10-12 | 13-15 | 16-18 || total
-------------------------+-------+-------+-------+-------+-------+-------++-------
Melee: Unarmed           |   120 |   248 |   366 |   642 |   911 |   805 ||  3092
       Bite              |    23 |    71 |   154 |   345 |   582 |   463 ||  1638
       Punch             |     1 |       |       |       |       |       ||     1
 Cast: Regeneration      |       |       |       |       |       |     4 ||     4
Invok: Slouch            |       |       |       |     3 |    14 |    19 ||    36
       Temporal Distorti |       |       |       |       |     2 |       ||     2
Evoke: Wand              |       |       |       |    16 |       |       ||    16
  Use: Potion            |     1 |       |       |       |       |       ||     1
       Scroll            |       |     8 |     7 |     9 |    11 |     9 ||    44
 Stab: Sleeping          |     4 |       |       |     1 |     3 |     2 ||    10
       Petrified         |       |       |       |       |     1 |       ||     1
       Distracted        |       |       |       |       |     1 |     1 ||     2
       Confused          |       |       |       |       |       |     3 ||     3
  Eat: Chunk             |       |     6 |    21 |    10 |    14 |    17 ||    68
Armor: Robe              |    10 |       |       |       |       |       ||    10
       Chain mail        |    58 |   157 |   106 |    48 |       |       ||   369
       Scale mail        |       |       |       |   123 |   178 |   165 ||   466
       Plate armour      |       |       |       |       |       |    90 ||    90
Dodge: Dodged            |    54 |    61 |    98 |   296 |   516 |   792 ||  1817
Block: Buckler           |    23 |    74 |    72 |       |       |       ||   169
       Shield            |       |       |    57 |   536 |   825 |   918 ||  2336
